Map: 어센션 투 아이어 - 래더

Players

Ryung - Winner!

  • Race: Terran Terran
  • League: Grandmaster
  • Spawn Location: 11:00

llllllllllll (Trap)

  • Race: Protoss Protoss
  • League: Master
  • Spawn Location: 5:00

VOD

Have the link to the VOD?

Description

Time

  • Played on: Dec. 22, 2017, 3:36 a.m.
  • Length: 9:38
Show
View Real Time Build Order
Export as new Build Order

Ryung Terran - Winner!

Build Orders: MMM Bio 

Get SALT Encoding   

  12  0:00  SCV  
  13  0:13  SCV  
  14  0:17  Supply Depot  
  14  0:25  SCV  
  15  0:38  SCV  
  15  0:39  Barracks  
  16  0:44  Refinery  
  16  0:51  SCV  
  17  1:03  SCV  
  18  1:15  SCV  
  19  1:27  Marine, Orbital Command  
  20  1:42  Command Center  
  20  1:54  Factory  
  20  1:57  SCV  
  21  2:03  Barracks Reactor  
  21  2:09  SCV  
  21  2:14  Supply Depot  
  22  2:15  Bunker  
  22  2:21  SCV  
  23  2:35  SCV  
  24  2:45  Hellion x2  
  24  2:47  SCV, Barracks Tech Lab  
  29  2:54  Orbital Command  
  29  3:00  SCV  
  30  3:06  Marine, Stimpack  
  30  3:07  Hellion x2  
  30  3:12  SCV  
  36  3:21  SCV  
  36  3:24  SCV, Marine  
  39  3:31  Barracks x2  
  39  3:33  SCV  
  39  3:34  Factory Reactor  
  40  3:36  SCV  
  40  3:38  Engineering Bay  
  41  3:43  Marine  
  41  3:47  SCV, Supply Depot  
  41  3:48  SCV  
  44  3:51  Refinery  
  44  3:59  SCV  
  44  4:00  SCV  
  46  4:05  Terran Infantry Weapons Level 1  
  46  4:07  Supply Depot  
  46  4:09  Marine  
  47  4:11  SCV  
  47  4:12  SCV  
  49  4:19  Factory Tech Lab  
  49  4:21  Refinery  
  49  4:23  SCV  
  50  4:24  SCV  
  50  4:25  Marine x3  
  50  4:28  Marine x2  
  50  4:30  Supply Depot  
  56  4:35  SCV  
  56  4:36  SCV  
  56  4:38  Siege Tank  
  61  4:46  Supply Depot  
  61  4:47  SCV  
  61  4:51  SCV, Marine x5  
  68  4:56  Starport  
  68  5:01  SCV  
  68  5:03  SCV  
  68  5:05  Missile Turret  
  68  5:06  Combat Shields  
  70  5:13  SCV  
  69  5:15  SCV  
  69  5:18  Siege Tank  
  69  5:20  Marine x4  
  77  5:21  Refinery  
  77  5:22  Marine  
  77  5:25  Supply Depot  
  77  5:28  Supply Depot  
  78  5:34  Supply Depot  
  78  5:47  SCV x2, Barracks Reactor  
  78  5:48  Medivac  
  78  5:49  Medivac  
  84  5:50  Marine x2  
  84  5:51  Marauder  
  84  5:55  Supply Depot  
  84  5:57  Supply Depot  
  88  6:00  Siege Tank  
  90  6:12  Terran Infantry Armor Level 1  
  90  6:14  Marine x2  
  90  6:16  Barracks  
  91  6:19  Barracks  
  91  6:20  Marauder  
  91  6:25  Medivac  
  95  6:30  Marine x2, Medivac  
  99  6:33  Supply Depot  
  99  6:35  Supply Depot  
  99  6:42  Liberator  
  99  6:45  Liberator  
  99  6:53  Supply Depot  
  99  6:56  Marine x2  
  99  6:57  Marauder x2  
  108  7:06  Widow Mine  
  108  7:07  Widow Mine  
  115  7:08  Supply Depot  
  115  7:10  Barracks Tech Lab  
  115  7:14  Barracks Reactor  
  115  7:15  Marine x2  
  117  7:25  Marauder x2  
  117  7:28  Widow Mine  
  117  7:29  Widow Mine  
  125  7:30  SCV  
  125  7:31  Supply Depot  
  125  7:33  Liberator  
  126  7:37  Marine x2  
  126  7:38  Marauder  
  126  7:39  Concussive Shells  
  126  7:43  Liberator  
  130  7:46  Marauder  
  135  7:59  Marine x3  
  141  8:10  Widow Mine x2  
  142  8:16  Marine  
  142  8:17  Marine, Marauder x2  
  142  8:19  Liberator  
  148  8:24  Marine x2  
  150  8:27  Marine  
  146  8:34  Marine  
  146  8:36  Widow Mine x2  
  158  8:41  Marauder x2  
  158  8:44  Supply Depot  
  158  8:45  Supply Depot  
  157  9:00  Marauder  
  157  9:01  Marine  
  157  9:02  Marine  
  157  9:03  Marauder x2  
  157  9:04  Marine x2  
  139  9:14  Widow Mine x2  
  132  9:19  Marine x2  
Show
View Real Time Build Order
Export as new Build Order

llllllllllll Protoss 

Build Orders: 1 Gate Expand, Double Forge, Blink Stalkers, Chargelot Immortal 

Get SALT Encoding   

  12  0:00  Probe  
  13  0:12  Probe  
  14  0:17  Pylon  
  14  0:24  Probe (Chrono Boost)  
  15  0:37  Probe (Chrono Boost)  
  15  0:38  Gateway  
  16  0:45  Probe (Chrono Boost)  
  16  0:49  Assimilator  
  17  0:51  Probe  
  18  1:03  Probe  
  19  1:15  Probe  
  20  1:24  Nexus  
  20  1:35  Cybernetics Core  
  20  1:38  Probe  
  21  1:45  Assimilator  
  21  1:50  Probe  
  22  1:57  Pylon  
  22  2:02  Probe  
  23  2:12  Stalker (Chrono Boost)  
  23  2:15  Probe  
  26  2:16  Warp Gate  
  26  2:25  Twilight Council  
  26  2:28  Probe (Chrono Boost)  
  27  2:35  Stalker  
  27  2:37  Probe (Chrono Boost)  
  31  2:46  Probe x2 (Chrono Boost)  
  32  2:51  Probe (Chrono Boost)  
  32  2:53  Probe (Chrono Boost)  
  32  2:54  Blink (Chrono Boost)  
  34  3:03  Probe (Chrono Boost)  
  36  3:09  Stalker  
  36  3:11  Probe (Chrono Boost)  
  39  3:13  Probe (Chrono Boost)  
  39  3:18  Probe x2 (Chrono Boost)  
  41  3:30  Robotics Facility  
  41  3:38  Gateway  
  41  3:41  Gateway  
  41  3:43  Pylon  
  41  3:44  Probe  
  41  3:47  Stalker  
  44  3:51  Probe  
  45  3:56  Probe  
  45  3:59  Assimilator  
  46  4:03  Probe  
  46  4:07  Pylon  
  46  4:08  Probe  
  48  4:11  Pylon  
  48  4:15  Probe  
  49  4:18  Observer  
  49  4:20  Probe  
  51  4:27  Probe  
  52  4:32  Probe  
  52  4:33  Stalker x2  
  52  4:35  Stalker  
  52  4:38  Pylon  
  59  4:39  Probe  
  59  4:41  Observer  
  59  4:45  Probe  
  62  4:57  Forge  
  62  4:58  Forge  
  62  5:00  Assimilator  
  62  5:02  Probe x2  
  62  5:03  Nexus  
  62  5:06  Observer, Pylon  
  64  5:08  Observer  
  65  5:17  Probe x2, Pylon  
  65  5:21  Charge  
  67  5:29  Probe x2, Protoss Ground Armor Level 1 (Chrono Boost), Protoss Ground Weapons Level 1 (Chrono Boost)  
  67  5:35  Immortal (Chrono Boost)  
  69  5:39  Stalker  
  69  5:42  Stalker  
  76  5:45  Probe x2  
  78  5:55  Pylon  
  78  5:57  Gateway  
  78  6:00  Gateway  
  78  6:01  Gateway  
  78  6:05  Probe x2  
  78  6:10  Sentry  
  78  6:11  Zealot, Sentry  
  86  6:14  Pylon  
  86  6:18  Immortal (Chrono Boost)  
  86  6:23  Probe x2  
  86  6:25  Probe  
  93  6:28  Pylon  
  93  6:36  Gateway  
  93  6:38  Gateway  
  93  6:43  Sentry, Stalker x2  
  99  6:49  Immortal (Chrono Boost)  
  102  6:57  Zealot x3  
  108  7:04  Pylon  
  108  7:08  Pylon  
  108  7:09  Pylon  
  108  7:14  Zealot x2  
  108  7:15  Zealot  
  114  7:24  Protoss Ground Armor Level 2 (Chrono Boost), Protoss Ground Weapons Level 2 (Chrono Boost)  
  114  7:27  Zealot x3  
  120  7:33  Assimilator  
  120  7:36  Assimilator  
  120  7:41  Immortal, Pylon  
  120  7:43  Pylon  
  124  7:44  Pylon  
  124  7:48  Zealot x5  
  124  7:49  Zealot  
  136  7:54  Probe x3  
  139  8:05  Zealot x2  
  139  8:15  Stalker x4  
  147  8:22  Zealot x2  
  141  8:35  Zealot x2  
  141  8:38  Zealot x3  
  141  8:39  Zealot  
  153  8:46  Stalker x2  
  149  8:57  Stalker x2  
  149  9:05  Stalker x4  
  97  9:23  Stalker x4  
  88  9:29  Zealot  
  88  9:30  Zealot x3  
Tags
 
Add a new tag
Caveats
  • Supply blocks, unpowered buildings, or Contaminate may cause inaccurate times.
  • Supply counts are checked every 10 seconds.